 Dungeon Crawl Stone Soup version 0.27-a0-1065-ge809cff456 (webtiles) character file.

Game seed: 343359629806213290

3206 wakim the Grappler (level 9, 0/88 HPs)
             Began as a Troll Fighter on Apr 23, 2021.
             Was an Elder of Okawaru.
             Slain by a troll (10 damage)
             ... summoned by an orange crystal statue
             ... on level 8 of the Dungeon.
             The game lasted 00:18:21 (6437 turns).

wakim the Grappler (Troll Fighter)                  Turns: 6437, Time: 00:18:21

Health: 0/88       AC:  8    Str: 27      XL:     9   Next: 65%
Magic:  8/8        EV: 10    Int:  1 (6)  God:    Okawaru [****..]
Gold:   325        SH: 10    Dex:  9      Spells: 8/8 levels left

rFire    . . .     SeeInvis +     - Unarmed
rCold    . . .     Faith    .   b - +0 kite shield
rNeg     . . .     Spirit   .   a - +0 robe
rPois    .         Reflect  .   (helmet restricted)
rElec    .         Harm     .   (no cloak)
rCorr    .         Rampage  .   (gloves unavailable)
Will     .....                  (boots unavailable)
Stlth    +.........             e - amulet of the acrobat
HPRegen  1.24/turn              h - +4 ring of protection
MPRegen  0.11/turn              d - ring of see invisible

@: no status effects
A: large, unfitting armour, claws 3, regeneration 1, shaggy fur 1, tough skin 1
a: Renounce Religion, Heroism


You were on level 8 of the Dungeon.
You worshipped Okawaru.
Okawaru was greatly pleased with you.
You visited 1 branch of the dungeon, and saw 8 of its levels.
You also visited: Sewer and Ossuary.

You collected 325 gold pieces.

Inventory:

Missiles
 g - 17 boomerangs
 i - 28 poisoned darts (quivered)
Armour
 a - a +0 robe (worn)
 b - a +0 kite shield (worn)
Jewellery
 d - a ring of see invisible (right claw)
 e - an amulet of the acrobat (around neck)
 f - a +6 ring of strength
 h - a +4 ring of protection (left claw)
 m - a ring of fire
 n - a ring of positive energy
Wands
 v - a wand of flame (15)
 x - a wand of charming (7)
Scrolls
 c - a scroll of brand weapon
 R - 2 scrolls of magic mapping {!r}
 T - a scroll of teleportation
 U - 2 scrolls of fear
Potions
 B - 2 potions of attraction {!q}
 E - a potion of cancellation
 F - a potion of curing
 G - 5 potions of flight
 H - 2 potions of haste
 J - 3 potions of heal wounds
 K - a potion of magic
 M - 4 potions of mutation {!q}
 N - 5 potions of might


   Skills:
 + Level 5.3 Fighting
 + Level 5.2 Dodging
 * Level 6.9 Shields
 * Level 8.3 Unarmed Combat


You had 8 spell levels left.
You didn't know any spells.
Your spell library contained the following spells:

 Spells                   Type           Power      Damage    Failure   Level
 Animate Skeleton         Necr           0%         N/A       71%         1
 Apportation              Tloc           0%         N/A       71%         1
 Corona                   Hex            0%         N/A       71%         1
 Foxfire                  Conj/Fire      0%         2x1d4     71%         1
 Magic Dart               Conj           0%         1d3       71%         1
 Summon Small Mammal      Summ           0%         N/A       71%         1
 Blink                    Tloc           N/A        N/A       85%         2
 Call Imp                 Summ           0%         N/A       85%         2
 Slow                     Hex            0%         N/A       85%         2
 Conjure Flame            Conj/Fire      0%         6-21      97%         3
 Inner Flame              Hex/Fire       0%         N/A       97%         3
 Mephitic Cloud           Conj/Pois/Air  0%         N/A       97%         3
 Sticky Flame             Conj/Fire      0%         2d3       100%        4
 Fireball                 Conj/Fire      0%         3d3       100%        5


Dungeon Overview and Level Annotations

Branches:
Dungeon (8/15)             Temple (0/1) D:7           Sewer (visited)
Ossuary (visited)
   Lair: D:8-11

Altars:
Ashenzari
Fedhas
Okawaru
Ru
Xom
The Shining One

Annotations:
D:8 1 runed translucent door, exclusion: 4 orange crystal statues


Innate Abilities, Weirdness & Mutations

You are too large for most types of armour.
You have claws for hands.
Your natural rate of healing is unusually fast.
You are covered in fur. (AC +1)
You have tough skin. (AC +1)


Message History

The orc hits the bush with a +0 club.
You scratch the bush but do no damage.
The bush is lightly damaged.
The troll closely misses you. The troll claws you.
You block the troll's attack. The wraith hits you but does no damage.
The orc hits the bush but does no damage.
Unknown command.
Press < or > to pray at altars.
You scratch the troll but do no damage.
The troll is moderately wounded.
The troll bites you. The troll closely misses you. The troll claws you!
The wraith hits you but does no damage.
The orc hits the bush but does no damage.
You claw the troll!
The troll is heavily wounded.
The troll bites you!
* * * LOW HITPOINT WARNING * * *
The troll claws you.
* * * LOW HITPOINT WARNING * * *
The troll claws you!
* * * LOW HITPOINT WARNING * * *
The wraith hits you.
* * * LOW HITPOINT WARNING * * *
The orc hits the bush but does no damage.
There is a fountain of clear blue water here.
You closely miss the troll.
The troll is heavily wounded.
The troll bites you!
* * * LOW HITPOINT WARNING * * *
The troll barely misses you. The troll closely misses you.
You block the wraith's attack.
The jelly hits the bush but does no damage.
The troll misses you. The troll claws you but does no damage.
The troll misses you. The wraith hits you.
* * * LOW HITPOINT WARNING * * *
There is a fountain of clear blue water here.
You barely miss the wraith.
The jelly hits the bush but does no damage.
The troll closely misses you. The troll claws you!
You die... #### #@⌠# ##WT# ####### #PJo#

#.....##### ##o'#
#....[..... #..##
#..######## #...#
#..#8.....8 #...#
#.)#.#...#.
###.####..#.......
#.(.....oJ..[...


You could see a troll (summoned), a wraith (summoned), a jelly (summoned) and 2
orcs.

Vanquished Creatures
  A steam dragon (D:7)
  2 water moccasins
  An orc warrior (D:8)
  2 ice beasts
  A black bear (D:5)
  An ogre (D:6)
  A kobold brigand (Sewer)
  2 bullfrogs
  13 scorpions
  A water moccasin zombie (D:7)
  A water moccasin skeleton (D:5)
  2 wyvern skeletons
  3 wights (D:7)
  2 howler monkeys
  A centaur zombie (Ossuary)
  4 hounds
  A human zombie (Ossuary)
  3 jellies
  A centaur skeleton (D:5)
  2 bullfrog zombies
  An orc priest (D:4)
  3 bullfrog skeletons
  3 iguanas
  2 orc wizards
  9 scorpion zombies (Ossuary)
  3 mummies (Ossuary)
  2 gnolls
  2 river rats (Sewer)
  6 adders
  4 white imps
  3 ufetubi
  2 worms
  13 orcs
  10 ball pythons
  4 endoplasms
  5 giant cockroaches
  A gnoll zombie (Ossuary)
  7 goblins
  17 jackals
  8 kobolds
  3 quokkas
  6 bats
  2 frilled lizards (D:1)
  A goblin zombie (Ossuary)
  5 hobgoblin zombies (Ossuary)
  2 kobold zombies (Ossuary)
  2 quokka zombies (D:7)
  8 rats
  A butterfly (D:5)
180 creatures vanquished.

Vanquished Creatures (others)
  A jackal (D:1)
  A goblin zombie (Ossuary)
2 creatures vanquished.

Grand Total: 182 creatures vanquished

Notes
Turn   | Place    | Note
-------+----------+-------------------------------------------
     0 | D:1      | wakim the Troll Fighter began the quest for the Orb.
     0 | D:1      | Reached XP level 1. HP: 22/22 MP: 0/0
   221 | D:1      | Reached XP level 2. HP: 29/29 MP: 1/1
   664 | D:1      | Reached XP level 3. HP: 30/36 MP: 2/2
  1341 | D:2      | Reached skill level 3 in Unarmed Combat
  1577 | D:3      | Reached XP level 4. HP: 44/44 MP: 3/3
  1589 | D:3      | Found a glowing golden altar of the Shining One.
  1811 | D:3      | Found a faded altar of an unknown god.
  1967 | D:3      | Became a worshipper of Warmaster Okawaru
  1967 | D:3      | Reached * piety under Okawaru
  2028 | D:4      | Noticed a scorpion
  2037 | D:4      | Killed a scorpion
  2038 | D:4      | Reached XP level 5. HP: 44/53 MP: 1/4
  2459 | D:4      | Reached skill level 4 in Unarmed Combat
  2459 | D:4      | Reached XP level 6. HP: 61/61 MP: 5/5
  2716 | D:5      | Entered Level 5 of the Dungeon
  2755 | D:5      | Found a shimmering altar of Xom.
  2803 | D:5      | Found a broken altar of Ashenzari.
  2880 | D:5      | Noticed an ice beast
  2889 | D:5      | Killed an ice beast
  2889 | D:5      | Reached ** piety under Okawaru
  3185 | D:5      | Reached XP level 7. HP: 32/67 MP: 3/6
  3541 | D:5      | Reached skill level 5 in Unarmed Combat
  3974 | D:6      | Reached XP level 8. HP: 71/78 MP: 7/7
  3987 | D:6      | Reached skill level 5 in Shields
  4094 | D:6      | Reached *** piety under Okawaru
  4111 | D:6      | Reached skill level 6 in Unarmed Combat
  4212 | D:6      | Found a glowing drain.
  4234 | Sewer    | Entered a sewer
  4344 | Sewer    | Found a white marble altar of Elyvilon.
  4934 | D:7      | Reached skill level 7 in Unarmed Combat
  5076 | D:7      | Found a sand-covered staircase.
  5112 | Ossuary  | Entered an ossuary
  5158 | Ossuary  | Reached XP level 9. HP: 41/85 MP: 5/8
  5248 | Ossuary  | Reached **** piety under Okawaru
  5404 | Ossuary  | Reached skill level 5 in Fighting
  5705 | D:7      | Reached skill level 5 in Dodging
  5820 | D:7      | Reached skill level 8 in Unarmed Combat
  5891 | D:7      | Found a staircase to the Ecumenical Temple.
  6286 | D:8      | Found a runed translucent door.
  6293 | D:8      | Found the +10 tower shield of Ignorance {rN+ Int-4}
  6373 | D:8      | Found a runed translucent door.
  6373 | D:8      | Noticed an orange crystal statue
  6404 | D:8      | Noticed an orange crystal statue
  6404 | D:8      | Noticed an orange crystal statue
  6404 | D:8      | Noticed an orange crystal statue
  6407 | D:8      | Noticed a troll
  6422 | D:8      | Found a sacrificial altar of Ru.
  6422 | D:8      | Found a blossoming altar of Fedhas.
  6437 | D:8      | Slain by a troll

Illustrated notes

Levels and vault maps discovered:
D:1:      dpeg_cavernosity, layout_basic, lemuel_old_faithful
D:2:      layout_basic
D:3:      layout_rooms, lemuel_crystal_altar, ebering_ecumenical_altar_mist,
          chequers_avenue, item_on_display_a
D:4:      layout_loops_ring
D:5:      kennysheep_six_static_rooms, layout_basic,
          cheibrodos_ashenzari_chains, xom_butterflies
D:6:      layout_loops_ring, portal_sewer_entry_b, kennysheep_generic_room_5
D:7:      layout_cave_pods, minmay_temple_entry_junction, enter_ossuary_4
D:8:      layout_loops_ring, nicolae_sif_muna_condensation,
          gammafunk_temple_overflow_wave, chequers_guarded_unrand_ignorance,
          uniq_harold

Skill      XL: |  1  2  3  4  5  6  7  8  9 |
---------------+----------------------------+-----
Unarmed Combat | 3 4 5 7 8 |  8.3
Fighting       | 3 4 5 |  5.3
Dodging        | 3 4 5 |  5.2
Shields        | 3 4 6 |  6.9

Action                   |  1- 3 |  4- 6 |  7- 9 || total
-------------------------+-------+-------+-------++-------
Melee: Unarmed           |   120 |   120 |   355 ||   595
Throw: Dart              |    26 |     7 |     9 ||    42
       Boomerang         |       |       |     5 ||     5
Invok: Heroism           |       |     3 |     5 ||     8
  Use: Scroll            |     6 |     4 |    10 ||    20
       Potion            |       |       |     1 ||     1
 Stab: Sleeping          |       |     1 |       ||     1
Armor: Robe              |    43 |    28 |    89 ||   160
Dodge: Dodged            |    44 |    36 |   132 ||   212
Block: Kite shield       |    58 |    44 |   179 ||   281

Table legend: (Time is in decaauts)
 A = Elapsed time spent in this place.
 B = Non-inter-level travel time spent in this place.
 C = Inter-level travel time spent in this place.
 D = Time resting spent in this place.
 E = Time spent auto-exploring this place.
 F = Levels seen in this place.
 G = Mean time per level.
                   A        B        C        D        E       F      G
               +--------+--------+--------+--------+--------+-----+--------+
         Total |   6503 |   6266 |    237 |    181 |   4228 |  10 |  650.3 |
       Dungeon |   5882 |   5645 |    237 |    181 |   3969 |   8 |  735.2 |
         Sewer |    190 |    190 |      0 |      0 |    133 |   1 |  190.0 |
       Ossuary |    430 |    430 |      0 |      0 |    125 |   1 |  430.0 |
               +--------+--------+--------+--------+--------+-----+--------+

Top non-repeatable levels by time:
     D:5: 1223 daAuts
     D:7: 919 daAuts
     D:1: 805 daAuts
     D:6: 769 daAuts
     D:2: 754 daAuts
     D:4: 744 daAuts
     D:3: 445 daAuts
 Ossuary: 430 daAuts
     D:8: 220 daAuts
   Sewer: 190 daAuts
